 Dungeon Crawl Stone Soup version 0.26-a0-738-g91b530ce93 (webtiles) character file.

Game seed: 16563820599600285286

2836 Froggeryz the Grappler (level 9, -2/81 HPs)
             Began as a Naga Wanderer on Nov 5, 2020.
             Was a Priest of Cheibriados.
             Slain by a small abomination (5 damage)
             ... on level 1 of the Abyss.
             The game lasted 00:15:17 (8771 turns).

Froggeryz the Grappler (Naga Wanderer)              Turns: 8771, Time: 00:15:18

Health: -2/81      AC:  6    Str: 32    XL:     9   Next: 74%
Magic:  24/24      EV:  9    Int: 18    God:    Cheibriados [***...]
Gold:   485        SH:  0    Dex: 19    Spells: 15/16 levels left

rFire    . . .     SeeInvis +     - Unarmed
rCold    . . .     Faith    .   (no shield)
rNeg     . . .     Spirit   .   m - +0 ring mail
rPois    +         Reflect  .   (no helmet)
rElec    .         Harm     .   x - +0 cloak (curse)
rCorr    .         Rampage  .   (no gloves)
MR       +....                  (no barding)
Stlth    ++........             e - amulet of the acrobat
HPRegen  0.23/turn              A - ring of magical power
MPRegen  0.19/turn              v - +6 ring of strength

@: very slow
A: large, stinger 1, see invisible, deformed body, poison resistance, slowness
2, spit poison 2, weak 1, AC +3
a: Breathe Poison Gas, Bend Time, Temporal Distortion, Renounce Religion


You were on level 1 of the Abyss.
You worshipped Cheibriados.
Cheibriados was most pleased with you.
You visited 2 branches of the dungeon, and saw 9 of its levels.
You visited the Abyss 1 time.

You collected 485 gold pieces.

Inventory:

Hand Weapons
 C - a +6 spear of venom
Missiles
 n - 57 poisoned darts (quivered)
Armour
 m - a +0 ring mail (worn)
 x - a cursed +0 cloak (worn)
Jewellery
 e - an amulet of the acrobat (around neck)
 v - a +6 ring of strength (right hand)
 A - a ring of magical power (left hand)
 B - an uncursed amulet of magic regeneration {unknown}
Wands
 p - a wand of flame (5)
 G - a wand of iceblast (10)
Scrolls
 a - a scroll of enchant weapon {unknown}
 c - 5 scrolls of teleportation
 f - a scroll of fog {unknown}
 g - 2 scrolls of remove curse
 h - 11 scrolls of identify
 l - a scroll of random uselessness {unknown}
 q - a scroll of blinking {unknown}
 r - 3 scrolls of amnesia {unknown}
 t - a scroll of fear {unknown}
 w - a scroll of enchant armour {unknown}
 y - 2 scrolls of magic mapping {unknown}
 H - a scroll of noise {unknown}
Potions
 b - a potion of haste {unknown}
 d - 3 potions of curing
 i - 6 potions of lignification
 k - a potion of might {unknown}
 s - a potion of invisibility {unknown}
 u - a potion of brilliance {unknown}
 z - a potion of flight {unknown}
 E - 2 potions of stabbing {unknown}
 F - a potion of cancellation {unknown}


   Skills:
 - Level 5.0 Fighting
   Level 1.0 Axes
   Level 1.0 Crossbows
 - Level 1.0 Armour
 - Level 1.3 Dodging
 - Level 4.0 Stealth
 * Level 10.6 Unarmed Combat
 - Level 4.0 Spellcasting
 + Level 3.3 Transmutations
 - Level 3.5 Invocations


You had 15 spell levels left.
You knew the following spells:

 Your Spells              Type           Power        Failure   Level
a - Beastly Appendage     Tmut           ###...       5%          1

Your spell library contained the following spells:

 Spells                   Type           Power        Failure   Level
 Wereblood                Tmut           ###.....     8%          2
 Magic Dart               Conj           #...         21%         1
 Searing Ray              Conj           #.....       30%         2
 Spider Form              Tmut/Pois      #.........   30%         3
 Dazzling Flash           Conj/Hex       #.....       52%         3
 Ice Form                 Ice/Tmut       #.......     71%         4
 Blade Hands              Tmut           ###.......   82%         5
 Fulminant Prism          Conj/Hex       #.........   90%         4
 Iskenderun's Mystic Bla  Conj/Tloc      #.......     90%         4


Dungeon Overview and Level Annotations

Branches:
Dungeon (8/15)             Temple (1/1) D:4
   Lair: D:8-11

Altars:
Ashenzari
Cheibriados
Dithmenos
Elyvilon
Fedhas
Gozag
Hepliaklqana
Kikubaaqudgha
Nemelex Xobeh
Okawaru
Qazlal
Ru
Trog
Uskayaw
Vehumet
Wu Jian
Yredelemnul

Annotations:
D:8 exclusion: 2 death yaks, Joseph


Innate Abilities, Weirdness & Mutations

You cannot wear boots.
Your serpentine skin is tough. (AC +3)
You have supernaturally acute eyesight. (SInv)
Armour fits poorly on your strangely shaped body.
Your system is resistant to poisons. (rPois)
You cover ground very slowly.
You can exhale a cloud of poison.
Your tail ends in a poisonous barb.
You are weak. (Str -2)


Message History

The small abomination hits you but does no damage.
You hit the starcursed mass but do no damage.
You tail-slap the starcursed mass!
The starcursed mass is moderately damaged.
The starcursed mass shudders and is absorbed by its neighbour.
The starcursed mass shrieks in your mind.
* * * LOW HITPOINT WARNING * * *
The small abomination hits you!
* * * LOW HITPOINT WARNING * * *
Okay, then.
You closely miss the small abomination.
Your tail-slap misses the small abomination.
The small abomination is heavily damaged.
The small abomination hits you.
* * * LOW HITPOINT WARNING * * *
The starcursed mass engulfs you but does no damage.
You barely miss the small abomination.
The small abomination is heavily damaged.
The small abomination hits you.
You die...

. .# #. #
..#.. .#.
.#.# #
##.....##
#..# #.#..##
#. # .
#..x@# . #
.#.#..#X#
#.# #
#...##..# .
.
#.#.#....#.#
. #.# ##.##
#.#. # ## .
.#.## . #.#.
. # # #.
.#..


You could see a starcursed mass and a small abomination.

Vanquished Creatures
  Maurice (D:8)
  A starcursed mass (Abyss:1)
  A neqoxec (Abyss:1)
  2 ice beasts
  A sky beast (D:6)
  An orc warrior (D:6)
  4 ogres
  A centaur (D:3)
  A big kobold (D:8)
  4 bullfrogs
  A small abomination (Abyss:1)
  A gnoll sergeant (D:7)
  A scorpion (D:6)
  A water moccasin skeleton (D:6)
  2 bullfrog zombies
  A hound (D:7)
  2 jellies (D:6)
  8 orc wizards
  An iguana (D:5)
  3 worker ants
  A hound zombie (D:7)
  A hound skeleton (D:6)
  A howler monkey zombie (D:8)
  3 gnolls (D:7)
  13 adders
  4 shadow imps
  2 white imps (D:5)
  An ufetubus (D:5)
  2 oozes (D:2)
  An adder zombie (D:7)
  4 adder skeletons
  3 dart slugs
  4 worms
  5 leopard geckos
  21 orcs
  5 ball pythons
  7 giant cockroaches
  7 goblins
  8 hobgoblins
  7 jackals
  7 kobolds
  3 quokkas
  A ball python zombie (D:4)
  5 bats
  7 frilled lizards
  6 rats
167 creatures vanquished.

Vanquished Creatures (others)
  10 fungi (D:6)
  4 toadstools (D:6)
14 creatures vanquished.

Grand Total: 181 creatures vanquished

Notes
Turn   | Place    | Note
-------+----------+-------------------------------------------
     0 | D:1      | Froggeryz the Naga Wanderer began the quest for the Orb.
     0 | D:1      | Froggeryz set off with the following items: a +2 hand
                  | crossbow, 23 bolts, a scroll of teleportation, a potion of
                  | curing, a +0 robe, a +0 dagger
     0 | D:1      | Reached XP level 1. HP: 25/25 MP: 1/1
   373 | D:1      | Reached skill level 1 in Unarmed Combat
   373 | D:1      | Reached XP level 2. HP: 15/32 MP: 2/2
  1455 | D:2      | Reached XP level 3. HP: 37/39 MP: 3/3
  1508 | D:2      | Reached skill level 1 in Dodging
  1529 | D:2      | Reached skill level 2 in Unarmed Combat
  2096 | D:2      | Reached XP level 4. HP: 29/46 MP: 4/4
  2612 | D:2      | Reached skill level 3 in Unarmed Combat
  2990 | D:3      | Noticed a centaur
  3000 | D:3      | Killed a centaur
  3000 | D:3      | Reached skill level 4 in Unarmed Combat
  3000 | D:3      | Reached XP level 5. HP: 36/52 MP: 5/5
  3124 | D:3      | Reached XP level 6. HP: 41/61 MP: 6/6
  3193 | D:3      | Reached skill level 5 in Unarmed Combat
  4098 | D:4      | Found a staircase to the Ecumenical Temple.
  4115 | Temple   | Entered the Ecumenical Temple
  4147 | Temple   | Became a worshipper of Cheibriados the Contemplative
  4458 | D:5      | Entered Level 5 of the Dungeon
  4661 | D:5      | Noticed an ice beast
  4677 | D:5      | Killed an ice beast
  4677 | D:5      | Reached skill level 6 in Unarmed Combat
  4677 | D:5      | Reached XP level 7. HP: 31/67 MP: 7/7
  5252 | D:5      | HP: 1/67 [ogre/+0 giant club (7)]
  5257 | D:5      | Reached skill level 7 in Unarmed Combat
  5296 | D:5      | Reached * piety under Cheibriados
  5909 | D:6      | Reached skill level 8 in Unarmed Combat
  5909 | D:6      | Reached skill level 1 in Invocations
  5909 | D:6      | Reached XP level 8. HP: 58/74 MP: 8/8
  6515 | D:6      | Reached skill level 9 in Unarmed Combat
  6527 | D:6      | Reached ** piety under Cheibriados
  6653 | D:6      | Learned a level 1 spell: Beastly Appendage
  6876 | D:6      | Reached skill level 1 in Spellcasting
  7140 | D:7      | Reached skill level 1 in Transmutations
  7202 | D:7      | Reached XP level 9. HP: 38/81 MP: 12/12
  7517 | D:7      | Reached *** piety under Cheibriados
  8076 | D:8      | Noticed a death yak
  8132 | D:8      | Noticed Maurice
  8144 | D:8      | Killed Maurice
  8144 | D:8      | Reached skill level 10 in Unarmed Combat
  8376 | D:8      | Noticed a death yak
  8423 | D:8      | Noticed Joseph
  8436 | D:8      | Cast into level 1 of the Abyss (Joseph)
  8489 | Abyss:1  | Noticed an ancient zyme
  8490 | Abyss:1  | Found a corrupted altar of Lugonu.
  8508 | Abyss:1  | Noticed a smoke demon
  8508 | Abyss:1  | Noticed a hellwing
  8508 | Abyss:1  | Noticed a hellwing
  8701 | Abyss:1  | Gained mutation: You occasionally shout uncontrollably at
                  | your foes. [a neqoxec]
  8701 | Abyss:1  | Gained mutation: You expend magic power (3 MP) to
                  | strengthen your wands. [a neqoxec]
  8701 | Abyss:1  | Gained mutation: Your body sometimes deteriorates upon
                  | taking damage. [a neqoxec]
  8707 | Abyss:1  | Gained mutation: Your tail ends in a poisonous barb. [a
                  | neqoxec]
  8709 | Abyss:1  | Lost mutation: Your body sometimes deteriorates upon taking
                  | damage. [potion of mutation]
  8709 | Abyss:1  | Lost mutation: You expend magic power (3 MP) to strengthen
                  | your wands. [potion of mutation]
  8709 | Abyss:1  | Lost mutation: Your tail ends in a poisonous barb. [potion
                  | of mutation]
  8709 | Abyss:1  | Gained mutation: You are clumsy. (Dex -2) [potion of
                  | mutation]
  8709 | Abyss:1  | Gained mutation: Your tail ends in a poisonous barb.
                  | [potion of mutation]
  8710 | Abyss:1  | Lost mutation: You are clumsy. (Dex -2) [potion of
                  | mutation]
  8710 | Abyss:1  | Lost mutation: You occasionally shout uncontrollably at
                  | your foes. [potion of mutation]
  8710 | Abyss:1  | Gained mutation: You are weak. (Str -2) [potion of
                  | mutation]
  8710 | Abyss:1  | Gained mutation: You can exhale a cloud of poison. [potion
                  | of mutation]
  8752 | Abyss:1  | Noticed a starcursed mass
  8763 | Abyss:1  | Killed a starcursed mass
  8770 | Abyss:1  | HP: 3/81 [small abomination (5)]
  8771 | Abyss:1  | Slain by a small abomination

Illustrated notes

Levels and vault maps discovered:
D:1:      dpeg_arrival_orchard, layout_loops_ring
D:2:      minmay_angry_zag, layout_loops_cross, minmay_bisected
D:3:      layout_loops_ring
D:4:      layout_cave_pools, minmay_temple_entry_gardened_gates
D:5:      layout_basic
D:6:      layout_basic, minmay_gold_behind_fungi, small_statue_intersection,
          nrook_uturn
D:7:      layout_gridville
D:8:      layout_basic, old_standard_altar, dpeg_lair_monsters, uniq_joseph,
          uniq_maurice
Temple:   nicolae_temple_the_god_donut
Abyss:1:  base: D:7, bh_abyss_exit_grid, bh_abyss_exit_grid

Skill      XL: |  1  2  3  4  5  6  7  8  9 |
---------------+----------------------------+-----
Unarmed Combat | 1 2 4 6 8 9 10 | 10.6
Dodging        | 1 |  1.3
Stealth        | 4 |  4.0
Invocations    | 1 3 |  3.5
Spellcasting   | 2 4 |  4.0
Transmutations | 1 3 |  3.3
Fighting       | |  5.0
Axes           | |  1.0
Crossbows      | |  1.0
Armour         | |  1.0

Action                   |  1- 3 |  4- 6 |  7- 9 || total
-------------------------+-------+-------+-------++-------
Melee: Unarmed           |   127 |   230 |   285 ||   642
       Punch             |       |     4 |    25 ||    29
       Tailslap          |       |       |     6 ||     6
 Fire: Hand crossbow     |     4 |       |       ||     4
Throw: Dart              |     2 |     1 |    26 ||    29
 Abil: Spit Poison       |    15 |    22 |    18 ||    55
Evoke: Wand              |       |     6 |     9 ||    15
  Use: Scroll            |       |     2 |     2 ||     4
       Potion            |       |       |    11 ||    11
 Stab: Sleeping          |     2 |     6 |     6 ||    14
       Distracted        |       |       |     2 ||     2
Armor: Robe              |    22 |       |       ||    22
       Ring mail         |    27 |    63 |    91 ||   181
       Skin              |       |       |    21 ||    21
Dodge: Dodged            |    76 |   116 |   132 ||   324

Table legend: (Time is in decaauts)
 A = Elapsed time spent in this place.
 B = Non-inter-level travel time spent in this place.
 C = Inter-level travel time spent in this place.
 D = Time resting spent in this place.
 E = Time spent auto-exploring this place.
 F = Levels seen in this place.
 G = Mean time per level.
                   A        B        C        D        E       F      G
               +--------+--------+--------+--------+--------+-----+--------+
         Total |  11761 |  11485 |    276 |   2116 |   7442 |  10 | 1176.1 |
       Dungeon |  11247 |  11017 |    230 |   1886 |   7442 |   8 | 1405.9 |
        Temple |     92 |     47 |     45 |      0 |      0 |   1 |   92.0 |
         Abyss |    422 |    422 |      0 |    230 |      0 |   1 |  422.0 |
               +--------+--------+--------+--------+--------+-----+--------+

Top non-repeatable levels by time:
     D:2: 2167 daAuts
     D:5: 1912 daAuts
     D:6: 1784 daAuts
     D:3: 1293 daAuts
     D:7: 1246 daAuts
     D:1: 1152 daAuts
     D:8: 969 daAuts
     D:4: 721 daAuts
 Abyss:1: 422 daAuts
  Temple: 92 daAuts
